[Event "*** SCC Grand Prix: Titled Tuesday Blitz"]
[Site "Chess.com"]
[Date "2020.06.02"]
[Round "7"]
[White "Vuk2000"]
[Black "ShahMatKanal"]
[Result "1-0"]
[WhiteElo "2642"]
[BlackElo "2469"]
[TimeControl "180+1"]
[EndTime "11:20:12 PDT"]
[Termination "Vuk2000 won by checkmate"]

1. d4 d5 2. Bf4 Nf6 3. e3 c5 4. c3 cxd4 5. exd4 Nc6 6. Nd2 g6 7. Bd3 Bg7 8. Ngf3 Bg4 9. O-O O-O 10. Re1 e6 11. h3 Bxf3 12. Nxf3 a6 13. a4 Na5 14.
Ne5 Rc8 15. Bg5 Qc7 16. Qf3 Nd7 17. Ng4 h5 18. Ne3 Nc4 19. Nxc4 dxc4 20. Be4 b5 21. axb5 axb5 22. g4 hxg4 23. hxg4 e5 24. Bd5 exd4 25. Re7 Ne5 26. Qe4 Qd6 27. cxd4 Nd3 28. Raa7 c3 29.
Bxf7+ Kh8 30. Qh1+ Qh2+ 31. Qxh2+ Bh6 32. Bf6+ Kh7 33.
Be6+ Rf7 34. Rxf7+ Kg8 35. Rh7+ Kf8 36. Rh8# 1-0

[Event "*** SCC Grand Prix: Titled Tuesday Blitz"]
[Site "Chess.com"]
[Date "2020.06.02"]
[Round "7"]
[White "Man-Chuk"]
[Black "Chessmatus"]
[Result "1-0"]
[WhiteElo "2773"]
[BlackElo "2541"]
[TimeControl "180+1"]
[EndTime "11:20:13 PDT"]
[Termination "Man-Chuk won by resignation"]

1. d4 Nf6 2. c4 g6 3. Nc3 d5 4.
Nf3 Bg7 5. h4 dxc4 6. e4 c5 7.
d5 b5 8. e5 Ng4 9. Nxb5 Nxe5 10. Nxe5 Bxe5 11. Bxc4 O-O 12. h5 Ba6 13. a4 Nd7 14.
Qf3 Nb6 15. hxg6 fxg6 16. Qh3 Rf7 17. Ba2 c4 18. Qe6 Bf6 19. Rxh7 Kxh7 20. Qxf7+ Bg7 21. Bb1 Qxd5 22. Qxg6+ Kg8 23. Qh7+ Kf8 24. Ra3 c3 25. Rxc3 Bxc3+ 26. bxc3 Bxb5 27. axb5 Ke8 28. Bf5 Qe5+ 29. Kf1 Qxb5+ 30. Kg1 Kd8 31. Qh8+ Qe8 32. Qd4+ Nd7 33. Be6 Rc8 34. Qxa7 Rc7 35. Qa8+ Rc8 36. Qa5+ Rc7 37.
Bf4 1-0

[Event "*** SCC Grand Prix: Titled Tuesday Blitz"]
[Site "Chess.com"]
[Date "2020.06.02"]
[Round "7"]
[White "manitodeplomo"]
[Black "LiamVrolijk"]
[Result "1-0"]
[WhiteElo "2622"]
[BlackElo "2827"]
[TimeControl "180+1"]
[EndTime "11:20:13 PDT"]
[Termination "manitodeplomo won by resignation"]

1. c4 e6 2. g3 d5 3. Bg2 c5 4.
Nf3 Nc6 5. O-O Nf6 6. d4 cxd4 7.
Nxd4 Bc5 8. Nb3 Bb6 9. cxd5 exd5 10. Nc3 d4 11. Nb5 O-O 12. Bf4 Bg4 13. h3 Bh5 14. Rc1 Nd5 15. Bd6 Nde7 16. g4 Bg6 17. Nc5 a6 18.
Nxb7 Qd7 19. Bxe7 Nxe7 20. N5d6 Rab8 21. Qb3 Ba7 22. Qc4 h5 23. Qxa6 hxg4 24. Qxa7 gxh3 25. Bf3 Nf5 26. Nxf5 Bxf5 27. Rfd1 d3 28. exd3 Bg4 29. Qe3 Bxf3 30. Qxf3 Rxb7 31. b3 Rb6 32. Rc4 Rf6 33. Rf4 Rxf4 34. Qxf4 Re8 35. Kh2 Re2 36. Rg1 g6 37. Rg3 Qc6 38. Rxh3 Re1 39. Rf3 Re8 1-0

[Event "*** SCC Grand Prix: Titled Tuesday Blitz"]
[Site "Chess.com"]
[Date "2020.06.02"]
[Round "7"]
[White "monalize"]
[Black "ShieldingOff"]
[Result "1-0"]
[WhiteElo "2289"]
[BlackElo "2048"]
[TimeControl "180+1"]
[EndTime "11:20:13 PDT"]
[Termination "monalize won by resignation"]

1. e4 d6 2. d4 Nd7 3. Nc3 e5 4. Be3 c6 5. a4 Ngf6 6. f3 Be7 7. Qd2 O-O 8. Bc4 Qc7 9. Nge2 b6 10. Nd1 a6 11. c3 Rd8 12. O-O d5 13. exd5 Nxd5 14. Bf2 exd4 15. cxd4 N7f6 16. Ndc3 Be6 17. Bd3 c5 18. Rac1 Qb7 19. Bb1 c4 20. Ne4 b5 21.
axb5 axb5 22. Qc2 g6 23. Nc5 Bxc5 24. dxc5 Nb4 25. Qc3 Nfd5 26. Qe5 Nd3 27. Bxd3 cxd3 28. Bd4 Kf8 29. Qg7+ Ke7 30. c6 Qc7 31. Bc5+ Rd6 32. Nd4 d2 33. Rcd1 Ne3 34. Nxb5 Qxc6 35. Bxd6+ Qxd6 36. Nxd6 1-0

[Event "*** SCC Grand Prix: Titled Tuesday Blitz"]
[Site "Chess.com"]
[Date "2020.06.02"]
[Round "7"]
[White "LiemLe"]
[Black "GjakanTati"]
[Result "0-1"]
[WhiteElo "2883"]
[BlackElo "2625"]
[TimeControl "180+1"]
[EndTime "11:20:14 PDT"]
[Termination "GjakanTati won by resignation"]

1. e4 e5 2. Nf3 Nc6 3. Bb5 Nf6 4. d3 Bc5 5. Bxc6 dxc6 6. Nbd2 Be6 7. O-O Nd7 8. Nb3 Bd6 9. Na5 Qc8 10. Ng5 Nf8 11. f4 exf4 12. Bxf4 Bxf4 13. Rxf4 h6 14. Nxe6 Nxe6 15.
Rf2 O-O 16. Qh5 Qd7 17. Nxb7 Qd4 18. Rf1 Rab8 19. c3 Qe3 20. Kh1 Rxb7 21. Rxf7 Rbb8 22. Qf5 Rfe8 23. d4 Qg5 24. Qf2 Qg6 25. Rf5 Rf8 26.
b4 Qg4 27. Qe3 Ng5 28. Re1 Rxf5 29. exf5 Qxf5 30. h4 Nf7 31. Qe6 Qf2 32. Re4 Rf8 33. Qxc6 Nd6 34. Rg4 Qf5 35. Qf3 Qxf3 36. gxf3 Rxf3 37.
c4 Nxc4 38. d5 Nd6 39. a4 Rf5 40. b5 Rxd5 41. Kg2 Rc5 42. Kf3 Rc4 43. Rxc4 Nxc4 44. Ke4 Kf7 45. Kd5 Nb6+ 46. Kc6 Nxa4 47. Kxc7 Nc3 48. Kc6 g5 49. hxg5 hxg5 50. Kb7 Nxb5 51. Ka6 g4 0-1

[Event "*** SCC Grand Prix: Titled Tuesday Blitz"]
[Site "Chess.com"]
[Date "2020.06.02"]
[Round "7"]
[White "1977Ivan"]
[Black "maciek_92"]
[Result "1-0"]
[WhiteElo "2605"]
[BlackElo "2780"]
[TimeControl "180+1"]
[EndTime "11:20:14 PDT"]
[Termination "1977Ivan won by checkmate"]

1. d4 Nf6 2. c4 e6 3. Nc3 Bb4 4. Qc2 O-O 5. e4 d5 6. e5 Ne4 7. Bd3 c5 8. Nf3 cxd4 9. Nxd4 Nd7 10. Bf4 Ndc5 11. O-O Bxc3 12. bxc3 Nxd3 13. Qxd3 Nc5 14. Qg3 Kh8 15. Rad1 Qa5 16. Qe3 dxc4 17. Bg5 Nd3 18.
Be7 Rg8 19. Bd6 Bd7 20. f4 Qxc3 21. Rf3 f5 22. Rh3 h6 23. Rf1 Kh7 24. Nf3 Kg6 25.
Nh4+ Kf7 26. Rg3 g6 27. Nf3 b6 28. Rh3 Kg7 29. Nd4 Qb2 30. Kh1 Qxa2 31. Qg3 Qa6 32. Qh4 Kf7 33. Qe7# 1-0

[Event "*** SCC Grand Prix: Titled Tuesday Blitz"]
[Site "Chess.com"]
[Date "2020.06.02"]
[Round "7"]
[White "dbrankovic68"]
[Black "Forantes"]
[Result "1-0"]
[WhiteElo "2444"]
[BlackElo "2302"]
[TimeControl "180+1"]
[EndTime "11:20:14 PDT"]
[Termination "dbrankovic68 won on time"]

1. e4 c5 2. Nf3 Nc6 3. Bb5 a6 4. Bxc6 dxc6 5. h3 e5 6. O-O Bd6 7. a4 a5 8. d3 Ne7 9. Nbd2 f6 10. Nc4 Be6 11. Be3 b6 12. c3 O-O 13. Nfd2 Bc7 14. Qc2 Ng6 15. Rfb1 Nf4 16. b4 cxb4 17. cxb4 axb4 18.
Bxf4 exf4 19. Rxb4 Qd4 20. Rab1 Rfb8 21. Nf3 Qd8 22.
d4 c5 23. dxc5 bxc5 24. Rxb8 Rxb8 25. Rxb8 Qxb8 26. Nfd2 Qb4 27. e5 fxe5 28. Qe4 Bd8 29. Qc6 Kf7 30. Nxe5+ Kf6 31. Nd7+ Ke7 32. Qxc5+ Qxc5 33. Nxc5 1-0

[Event "*** SCC Grand Prix: Titled Tuesday Blitz"]
[Site "Chess.com"]
[Date "2020.06.02"]
[Round "7"]
[White "mfwagnerpeixoto"]
[Black "biaf13"]
[Result "0-1"]
[WhiteElo "2253"]
[BlackElo "2029"]
[TimeControl "180+1"]
[EndTime "11:20:14 PDT"]
[Termination "biaf13 won on time"]

1. e4 c5 2. Nf3 e6 3. c3 Nf6 4. d3 Nc6 5. Nbd2 d5 6. g3 Be7 7. Bg2 O-O 8. O-O a6 9. Re1 b5 10. e5 Nd7 11. a4 Rb8 12. axb5 axb5 13. Nf1 Qc7 14. Bf4 Bb7 15. h4 Ra8 16. Rxa8 Rxa8 17.
Ne3 Ra2 18. Nxd5 exd5 19. e6 Qd8 20. exf7+ Kxf7 21. Ng5+ Bxg5 22. Bxd5+ Kf8 23. Bxg5 Nf6 24. Qf3 Ra6 25. Re6 Nd4 26. cxd4 Rxe6 27. Bxb7 Qxd4 28. Be3 Qxb2 29. Bxc5+ Kg8 30. Bd5 Nxd5 31. Qxd5 Qe5 32. Qxe5 Rxe5 33. Be3 b4 34. Kg2 Rxe3 35. fxe3 b3 0-1

[Event "*** SCC Grand Prix: Titled Tuesday Blitz"]
[Site "Chess.com"]
[Date "2020.06.02"]
[Round "7"]
[White "chess94cu"]
[Black "BabyFacedAssasin"]
[Result "1-0"]
[WhiteElo "2467"]
[BlackElo "2324"]
[TimeControl "180+1"]
[EndTime "11:20:15 PDT"]
[Termination "chess94cu won by resignation"]

1. d4 f5 2. Nc3 Nf6 3. Bg5 d5 4.
Nf3 e6 5. e3 Be7 6. Bd3 O-O 7.
O-O Ne4 8. Bxe7 Qxe7 9. Ne2 Nd7 10. c4 c6 11. Rc1 g5 12. Bxe4 fxe4 13. Nd2 b6 14. b3 Bb7 15. Ng3 e5 16. cxd5 cxd5 17.
Rc7 Ba6 18. Re1 Rac8 19. Rxa7 Bd3 20. Qg4 Qf6 21. f3 Rc2 22. Qxd7 exf3 23. Nxf3 Rxg2+ 24. Kh1 Rxg3 25. Qxd5+ Kh8 26. hxg3 Qxf3+ 27. Qxf3 Rxf3 28. dxe5 Be4 29. Kg1 Rxg3+ 30. Kf1 Rg2 31. e6 Rh2 32. e7 1-0

[Event "*** SCC Grand Prix: Titled Tuesday Blitz"]
[Site "Chess.com"]
[Date "2020.06.02"]
[Round "7"]
[White "Ashedu66"]
[Black "TokChess"]
[Result "0-1"]
[WhiteElo "2182"]
[BlackElo "2371"]
[TimeControl "180+1"]
[EndTime "11:20:15 PDT"]
[Termination "TokChess won on time"]

1. d4 Nf6 2. Nf3 g6 3. c4 Bg7 4.
Nc3 d5 5. Bf4 c5 6. dxc5 O-O 7.
cxd5 Qa5 8. Rc1 Rd8 9. Bd2 Qxc5 10. e4 Na6 11. Be2 e6 12. O-O Qb6 13. d6 e5 14. Nb5 Nxe4 15. Be3 Qa5 16. Ng5 Nxg5 17. Bxg5 f6 18. Qb3+ Kh8 19. Be3 Bd7 20. a4 Qb4 21. Qf7 Qxa4 22. Nc7 Rf8 23. Qd5 Bc6 24. Qe6 Nxc7 25.
dxc7 Rac8 26. b3 Qa5 27. Rxc6 bxc6 28. Qxc6 Qxc7 29. Qe6 Rfe8 30. Qh3 Rb8 31. Qg3 Rxb3 32. h4 f5 33. Qh2 f4 0-1

[Event "*** SCC Grand Prix: Titled Tuesday Blitz"]
[Site "Chess.com"]
[Date "2020.06.02"]
[Round "7"]
[White "HanSchut"]
[Black "imdvb6307"]
[Result "0-1"]
[WhiteElo "2203"]
[BlackElo "2371"]
[TimeControl "180+1"]
[EndTime "11:20:15 PDT"]
[Termination "imdvb6307 won on time"]

1. e4 Nc6 2. Nf3 d6 3. d4 Nf6 4. Nc3 Bg4 5. Bb5 a6 6. Bxc6+ bxc6 7. h3 Bh5 8. g4 Bg6 9. Qe2 e6 10. h4 h5 11. g5 Nd7 12. Qc4 Nb8 13. Be3 d5 14.
Qd3 Nd7 15. Nd2 Qb8 16. f4 dxe4 17. Qc4 Qb7 18. Ndxe4 Nb6 19. Qb3 c5 20. dxc5 Bxe4 21. cxb6 Bxh1 22. O-O-O cxb6 23. f5 Bc5 24. Bxc5 bxc5 25.
Qa4+ Bc6 26. Qc4 O-O 27. fxe6 Rae8 28. exf7+ Qxf7 29. Qxc5 Re6 30. Kb1 Qe7 31. Qc4 Kh8 32. a3 Re8 33. Qd3 Bf3 34. Rf1 Bg4 0-1

[Event "*** SCC Grand Prix: Titled Tuesday Blitz"]
[Site "Chess.com"]
[Date "2020.06.02"]
[Round "7"]
[White "Indianlad"]
[Black "chito89"]
[Result "1-0"]
[WhiteElo "3028"]
[BlackElo "2811"]
[TimeControl "180+1"]
[EndTime "11:20:16 PDT"]
[Termination "Indianlad won by resignation"]

1. e4 e5 2. Nf3 Nc6 3. Bb5 a6 4. Ba4 d6 5. O-O Bd7 6. c3 Nge7 7. d4 Ng6 8. Re1 Be7 9. Nbd2 h6 10. Nf1 Bg5 11.
Ng3 Bxc1 12. Rxc1 O-O 13. dxe5 Ncxe5 14. Bxd7 Nxd7 15. Nd4 Re8 16. Ndf5 Nf6 17. c4 Ne7 18. f3 Nxf5 19. Nxf5 Qd7 20. Qd4 Re6 21. Red1 Qa4 22. c5 Qxa2 23. cxd6 cxd6 24. Qb4 Ree8 25. Rxd6 Rad8 26.
h4 b5 27. Rcd1 Rxd6 28. Rxd6 Qb1+ 29. Kh2 Qc1 30. Qd4 Qf4+ 31. Kg1 Qc1+ 32. Kf2 Qf4 33. g3 Qc1 34. Rxf6 gxf6 35. Qxf6 Qd2+ 36. Kg1 Qe1+ 37. Kg2 Qe2+ 38. Kh3 Qf1+ 39. Kg4 h5+ 40. Kg5 Qc1+ 41.
f4 1-0

[Event "*** SCC Grand Prix: Titled Tuesday Blitz"]
[Site "Chess.com"]
[Date "2020.06.02"]
[Round "7"]
[White "AnishGiri"]
[Black "Maghalashvili"]
[Result "1-0"]
[WhiteElo "2979"]
[BlackElo "2781"]
[TimeControl "180+1"]
[EndTime "11:20:16 PDT"]
[Termination "AnishGiri won by resignation"]

1. e4 c5 2. Nf3 d6 3. d4 cxd4 4. Nxd4 Nf6 5. Nc3 a6 6. Bg5 e6 7.
f4 Qb6 8. Qd2 Nc6 9. Bxf6 gxf6 10. Nb3 h5 11. O-O-O Bd7 12. Kb1 O-O-O 13. Be2 h4 14.
Rhf1 Rg8 15. Bh5 Rg7 16. f5 Rh7 17. Qe2 Kb8 18. fxe6 fxe6 19. Rxf6 Bg7 20. Rf7 Be8 21. Rxg7 Rxg7 22. Bxe8 Rxe8 23. a3 Reg8 24. Qh5 Rxg2 25. Qxh4 Rg1 26. Rxg1 Qxg1+ 27. Ka2 Rg2 28. Qe7 Qxh2 29.
Qf8+ Ka7 30. Na1 Qe5 31. Qf3 Rh2 32. Qd1 Qd4 33. Qe1 Ne5 34. Nb3 Qf2 35. Qd1 Qxc2 36. Qd4+ Ka8 37. Na4 Qc6 38. Na5 Qc5 39. Nxc5 dxc5 40.
Qxe5 1-0

[Event "*** SCC Grand Prix: Titled Tuesday Blitz"]
[Site "Chess.com"]
[Date "2020.06.02"]
[Round "7"]
[White "GukeshDommaraju"]
[Black "A-Adly"]
[Result "1-0"]
[WhiteElo "2688"]
[BlackElo "2830"]
[TimeControl "180+1"]
[EndTime "11:20:17 PDT"]
[Termination "GukeshDommaraju won by checkmate"]

1. c4 e6 2. Nf3 d5 3. e3 Nf6 4. Nc3 Be7 5. b3 O-O 6. Bb2 b6 7. cxd5 Nxd5 8. Nxd5 Qxd5 9. Qc2 Ba6 10. Qxc7 Bxf1 11.
Kxf1 Nc6 12. Qg3 f6 13. Qg4 Rac8 14. Qc4 Qd7 15. Qe2 Nb4 16. a3 Nd3 17. Bc3 e5 18. g3 Qh3+ 19. Kg1 Rfd8 20. Qf1 Qe6 21. b4 f5 22. Ne1 Nxe1 23. Rxe1 Bf6 24. e4 f4 25. Kg2 g5 26. f3 a5 27. bxa5 bxa5 28. Qe2 a4 29. Rb1 Qa2 30. Rb2 Qxa3 31. Rb6 Qe7 32. gxf4 gxf4 33. Qa6 Bh4 34. Rg1 Kh8 35. Kh1 Bf2 36.
Re6 Qxe6 37. Qxe6 Bxg1 38. Qxe5+ Kg8 39. Qg7# 1-0

[Event "*** SCC Grand Prix: Titled Tuesday Blitz"]
[Site "Chess.com"]
[Date "2020.06.02"]
[Round "7"]
[White "antoszu"]
[Black "1stSecond"]
[Result "0-1"]
[WhiteElo "2545"]
[BlackElo "2715"]
[TimeControl "180+1"]
[EndTime "11:20:17 PDT"]
[Termination "1stSecond won by resignation"]

1. d4 Nf6 2. c4 c5 3. d5 e6 4. Nc3 exd5 5. cxd5 g6 6. Nf3 d6 7. Bf4 a6 8. a4 Bg7 9. h3 O-O 10. e3 Ne8 11. Be2 Nd7 12. O-O Qe7 13. Re1 Ne5 14. Nd2 f5 15. Bh2 Rb8 16. a5 Bd7 17. f4 Nf7 18.
Bc4 Nc7 19. e4 Bd4+ 20. Kh1 fxe4 21. Ndxe4 Qh4 22. Qf3 Ne5 23. Qe2 Nxc4 24. Qxc4 Nb5 25. Qd3 Rbe8 26. Nxb5 Bxb5 27. Qg3 Qd8 28. Rab1 Qd7 29.
Ng5 Rxe1+ 30. Qxe1 Re8 31. Ne6 Bc4 32. Qd2 Bxd5 33.
Nxd4 cxd4 34. Qxd4 Qc6 35. Rg1 Re2 0-1

[Event "*** SCC Grand Prix: Titled Tuesday Blitz"]
[Site "Chess.com"]
[Date "2020.06.02"]
[Round "7"]
[White "DanielDardha2005"]
[Black "Malysch"]
[Result "1-0"]
[WhiteElo "2673"]
[BlackElo "2521"]
[TimeControl "180+1"]
[EndTime "11:20:17 PDT"]
[Termination "DanielDardha2005 won by resignation"]

1. Nf3 d5 2. c4 e6 3. g3 dxc4 4. Qa4+ Nd7 5. Qxc4 a6 6. Bg2 b5 7. Qb3 Bb7 8. O-O c5 9. d3 Ngf6 10. a4 Bd5 11. Qc2 Be7 12. Nc3 Bc6 13. e4 O-O 14.
Rd1 Qb6 15. d4 b4 16. d5 exd5 17. Nxd5 Nxd5 18. exd5 Bb7 19. Nd2 Ne5 20. Nc4 Nxc4 21. Qxc4 Rad8 22. Be3 Bd6 23. Rac1 Rc8 24. h4 a5 25. h5 h6 26. Qg4 Be5 27. b3 Rfd8 28. Qf5 Qf6 29. Qxf6 Bxf6 30. Rxc5 Rxc5 31. Bxc5 Bc3 32.
Bb6 Rd7 33. Bxa5 Kf8 34. d6 Bxg2 35. Kxg2 f5 36. Bc7 Kf7 37. a5 1-0

[Event "*** SCC Grand Prix: Titled Tuesday Blitz"]
[Site "Chess.com"]
[Date "2020.06.02"]
[Round "7"]
[White "peixe64"]
[Black "kuba2006"]
[Result "1-0"]
[WhiteElo "2249"]
[BlackElo "2402"]
[TimeControl "180+1"]
[EndTime "11:20:17 PDT"]
[Termination "peixe64 won on time"]

1. d4 Nf6 2. c4 d6 3. Nc3 Nbd7 4. Nf3 e5 5. e4 g6 6. Be2 Bg7 7. d5 Nc5 8. Qc2 a5 9. O-O O-O 10. Ne1 Ne8 11. Nd3 Nxd3 12. Bxd3 f5 13. Bd2 f4 14. f3 b6 15. a3 g5 16. b4 axb4 17. axb4 Rxa1 18. Rxa1 g4 19. Kh1 Qh4 20. Bf1 Kh8 21. Be1 Qh5 22. Qf2 Bf6 23. fxg4 Bxg4 24. Ra8 Rg8 25. c5 bxc5 26. bxc5 Qg6 27. Bb5 f3 28. g3 Bh3 29. Qxf3 Bg5 30. Rxe8 Rxe8 31. Bxe8 Qxe8 32. Bf2 Qa8 33. Ne2 Qa1+ 34. Ng1 Kg7 35. Be3 Bxe3 36. Qxe3 Qf1 37. Qg5+ Kf7 38. Qh5+ Kg7 39. Qxh3 1-0

[Event "*** SCC Grand Prix: Titled Tuesday Blitz"]
[Site "Chess.com"]
[Date "2020.06.02"]
[Round "7"]
[White "Cocaino74"]
[Black "Margarita2907"]
[Result "1-0"]
[WhiteElo "2306"]
[BlackElo "2063"]
[TimeControl "180+1"]
[EndTime "11:20:17 PDT"]
[Termination "Cocaino74 won by checkmate"]

1. e4 c5 2. Nf3 d6 3. Bb5+ Bd7 4. Bxd7+ Nxd7 5. O-O Ngf6 6. Qe2 g6 7. b3 Bg7 8. Bb2 O-O 9. d4 cxd4 10. Nxd4 Nc5 11. Nd2 Rc8 12. Rac1 e6 13. c4 a6 14. Rfd1 Qe7 15.
h3 Rfd8 16. Rc2 b6 17. a3 Qb7 18. Re1 d5 19. cxd5 exd5 20. e5 Nfe4 21. b4 Nxd2 22. Rxd2 Ne4 23. Rd3 Bxe5 24. f3 Bg3 25. fxe4 Bxe1 26. Qxe1 dxe4 27. Rd1 Re8 28. Qe3 Qe7 29. Rf1 f5 30. Ne2 Qe6 31. Qd4 Kf8 32. Qg7# 1-0

[Event "*** SCC Grand Prix: Titled Tuesday Blitz"]
[Site "Chess.com"]
[Date "2020.06.02"]
[Round "7"]
[White "MYMChessAcademy"]
[Black "Blitzking642"]
[Result "1/2-1/2"]
[WhiteElo "2434"]
[BlackElo "2310"]
[TimeControl "180+1"]
[EndTime "11:20:18 PDT"]
[Termination "Game drawn by agreement"]

1. e4 c5 2. Ne2 Nc6 3. Nbc3 g6 4. g3 Bg7 5. Bg2 e6 6. d3 Nge7 7. Bg5 h6 8. Be3 Nd4 9. Qd2 Rb8 10. O-O d6 11.
Rab1 b5 12. b4 Nec6 13. bxc5 dxc5 14. Bxd4 Nxd4 15. Nxd4 cxd4 16. Nxb5 O-O 17. a4 a6 18. Na3 Bd7 19. a5 Qc7 20. Rb3 Ba4 21. Rb4 Qxa5 22. Rfb1 Rxb4 23. Qxb4 Qxb4 24. Rxb4 Bb5 25.
Nxb5 Rb8 26. f4 Rxb5 27. Rxb5 axb5 28. e5 g5 29. Bc6 b4 30. Kf2 g4 31. Ke2 Bf8 32.
Kd2 Kg7 33. Kc1 f6 34. Kb2 fxe5 35. fxe5 Kg6 36. Be4+ Kg5 37. Kb3 Bg7 38. Kxb4 Bxe5 39. Kc5 h5 40. Kc6 h4 41. Kd7 hxg3 42. hxg3 Bxg3 43.
Kxe6 Bf4 44. Kd5 Be3 45. Kc4 Kf4 46. c3 dxc3 47. Kxc3 g3 48. Kc4 Bf2 1/2-1/2

[Event "*** SCC Grand Prix: Titled Tuesday Blitz"]
[Site "Chess.com"]
[Date "2020.06.02"]
[Round "7"]
[White "kingmonkey2006"]
[Black "DLR7"]
[Result "0-1"]
[WhiteElo "2511"]
[BlackElo "2667"]
[TimeControl "180+1"]
[EndTime "11:20:20 PDT"]
[Termination "DLR7 won by resignation"]

1. e4 c5 2. Nf3 Nc6 3. d4 cxd4 4. Nxd4 e5 5. Nb5 a6 6. Nd6+ Bxd6 7. Qxd6 Qf6 8.
Qxf6 Nxf6 9. Nc3 Nb4 10. Kd2 d6 11. b3 Be6 12. Ba3 Nc6 13. f3 O-O-O 14. Rd1 b5 15. Bb2 d5 16. exd5 Nxd5 17. Nxd5 Rxd5+ 18. Kc1 Rxd1+ 19. Kxd1 Kb7 20. Bd3 f6 21. Be4 Bf7 22. Ke2 Bg6 23. Bxc6+ Kxc6 24. c3 a5 25. Rd1 Bf7 26. Ba3 Bd5 27. Rc1 Kd7 28. c4 bxc4 29. bxc4 Bf7 30. Kd3 Rc8 31. g3 g5 32. Bb2 Ke7 33. Ba3+ Ke6 34. Kc3 h5 35. c5 Kf5 36. Rc2 Bd5 37.
Rf2 Rb8 38. Rf1 Bxa2 39. Rd1 Rb3+ 40. Kc2 Rxa3 41. Kb2 Ra4 42. c6 Be6 0-1

[Event "*** SCC Grand Prix: Titled Tuesday Blitz"]
[Site "Chess.com"]
[Date "2020.06.02"]
[Round "7"]
[White "LuckSlayeer"]
[Black "AGW2016"]
[Result "1-0"]
[WhiteElo "2460"]
[BlackElo "2312"]
[TimeControl "180+1"]
[EndTime "11:20:20 PDT"]
[Termination "LuckSlayeer won by checkmate"]

1. e4 c5 2. Nf3 d6 3. Bb5+ Bd7 4. Bxd7+ Nxd7 5. O-O Ngf6 6. Re1 e6 7. c3 Be7 8. d4 O-O 9. d5 e5 10. Nbd2 b5 11. Qe2 a6 12. c4 Rb8 13. a4 Ne8 14. b3 Nc7 15. Bb2 Bg5 16. Bc3 Bxd2 17. Nxd2 b4 18.
Bb2 a5 19. Nf1 g6 20. Ne3 Ne8 21. Rf1 Ng7 22. f4 exf4 23. Rxf4 Ne5 24. Raf1 Qe7 25. Ng4 Nxg4 26. Qxg4 f5 27. exf5 Nxf5 28. Rxf5 Qe3+ 29.
R5f2 Rxf2 30. Rxf2 Re8 31. Qd7 Re7 32. Qd8+ Re8 33.
Qd7 Re7 34. Qxd6 Qe1+ 35. Rf1 Qe3+ 36. Kh1 Qe2 37. Qf4 h5 38. Qf8+ Kh7 39. Qh8# 1-0

[Event "*** SCC Grand Prix: Titled Tuesday Blitz"]
[Site "Chess.com"]
[Date "2020.06.02"]
[Round "7"]
[White "AniJak"]
[Black "guillembaches"]
[Result "0-1"]
[WhiteElo "2254"]
[BlackElo "2432"]
[TimeControl "180+1"]
[EndTime "11:20:20 PDT"]
[Termination "guillembaches won on time"]

1. e4 c5 2. Nc3 Nc6 3. g3 g6 4. Bg2 Bg7 5. d3 d6 6. Nh3 e5 7.
O-O Nge7 8. f4 h6 9. Be3 Be6 10.
Nd5 Qd7 11. Nf2 f5 12. c4 O-O 13. Qd2 Kh7 14. Nd1 Bg8 15. N1c3 Rae8 16. Rae1 Nd4 17. Ne2 Nxd5 18. exd5 b5 19. b3 Re7 20. fxe5 dxe5 21. Bxd4 cxd4 22. Rc1 bxc4 23. dxc4 Rc8 24. Rfd1 Qd6 25.
Qa5 Rec7 26. a3 h5 27. Rc2 Bh6 28. Nc1 Be3+ 29. Kh1 e4 30. Re2 h4 31. gxh4 Qe5 32.
Qb4 Bh6 33. d6 Rd7 34. Nd3 Qxd6 35. c5 Qf6 36. Nf2 d3 37. Ree1 Bf8 0-1

[Event "*** SCC Grand Prix: Titled Tuesday Blitz"]
[Site "Chess.com"]
[Date "2020.06.02"]
[Round "7"]
[White "keepitcool9499"]
[Black "saraswathii"]
[Result "0-1"]
[WhiteElo "2466"]
[BlackElo "2377"]
[TimeControl "180+1"]
[EndTime "11:20:21 PDT"]
[Termination "saraswathii won on time"]

1. d4 Nf6 2. c4 d5 3. cxd5 Bf5 4. Nc3 Nxd5 5. Qb3 Nb6 6. e4 Bg6 7. Nf3 e6 8. Be3 Be7 9. Ne5 N8d7 10. Nxg6 hxg6 11.
Be2 Nf6 12. Rd1 Qd7 13. a4 a5 14. Bb5 c6 15. Be2 Nc8 16. d5 exd5 17. exd5 Qc7 18. h3 Bb4 19. O-O O-O 20. dxc6 bxc6 21. Bf3 Ne7 22.
Rfe1 Rfd8 23. Qc4 Rac8 24. Rxd8+ Rxd8 25. Bf4 Qa7 26. Be3 Qb8 27. Bc5 Bxc5 28. Qxc5 Nf5 29.
Qxa5 Rd2 30. Bxc6 Qxb2 31. Rf1 Nd4 32. Ne4 Nxe4 33. Bxe4 Ne2+ 34. Kh1 Nc3 35. Qa8+ Kh7 36. Bf3 Rxf2 37. Qa6 Rd2 38. Rg1 Qa2 0-1

[Event "*** SCC Grand Prix: Titled Tuesday Blitz"]
[Site "Chess.com"]
[Date "2020.06.02"]
[Round "7"]
[White "ninodg"]
[Black "sotochess"]
[Result "0-1"]
[WhiteElo "2499"]
[BlackElo "2266"]
[TimeControl "180+1"]
[EndTime "11:20:21 PDT"]
[Termination "sotochess won by checkmate"]

1. e4 d5 2. exd5 Qxd5 3. Nc3 Qa5 4. d4 Nf6 5. Bc4 c6 6. Bd2 Qb6 7. Nf3 Bf5 8. O-O e6 9. Bb3 Nbd7 10. Na4 Qc7 11. c4 Be7 12. Rc1 O-O 13. d5 Rad8 14. Qe2 Rfe8 15. dxe6 Bxe6 16. Ng5 Bd6 17. Nxe6 Rxe6 18. Qf3 Bxh2+ 19. Kh1 Be5 20. c5 Re7 21. Rfe1 Rde8 22. Bg5 h6 23. Be3 Nf8 24. Qf5 Ng6 25. Qxg6 Kf8 26. Qf5 Bf4 27. Nc3 Bxe3 28.
Rxe3 Rxe3 29. fxe3 Rxe3 30. Rf1 Re5 31. Qf4 Qe7 32.
Bc4 Qxc5 33. g3 b5 34. Bb3 a5 35. a3 b4 36. axb4 axb4 37. Na4 Qe7 38. Kg2 Re2+ 39.
Rf2 Re4 40. Qf3 c5 41. Nb6 Re3 42. Qf4 Rxb3 43. Qb8+ Qe8 44. Qd6+ Kg8 45. Qxc5 Qe4+ 46.
Kg1 Rxg3+ 47. Kf1 Qd3+ 48. Re2 Qd1+ 49. Kf2 Qg1# 0-1

[Event "*** SCC Grand Prix: Titled Tuesday Blitz"]
[Site "Chess.com"]
[Date "2020.06.02"]
[Round "7"]
[White "novendrapriasmoro"]
[Black "mishikomchedlishvili"]
[Result "1-0"]
[WhiteElo "2621"]
[BlackElo "2762"]
[TimeControl "180+1"]
[EndTime "11:20:22 PDT"]
[Termination "novendrapriasmoro won on time"]

1. e4 c5 2. Nf3 e6 3. d4 cxd4 4. Nxd4 Nf6 5. Nc3 d6 6. Bd3 Nc6 7. Nb3 Be7 8. O-O a6 9. Qe2 b5 10. Bd2 Ne5 11. f4 Nxd3 12. cxd3 O-O 13. Kh1 b4 14. Nd1 a5 15. Ne3 Ba6 16. Nc4 d5 17. exd5 a4 18. Nd4 Nxd5 19. Nc6 Qc7 20. Nxe7+ Qxe7 21. f5 Rfe8 22. Rae1 Qd7 23. Ne5 Qc7 24. f6 gxf6 25. Bh6 Kh8 26. Qh5 Ra7 27. Rxf6 Nxf6 28. Qg5 Nh5 29. Qxh5 Rg8 30. Rc1 Qb7 31. Nc6 Raa8 32.
Qe5+ 1-0

[Event "*** SCC Grand Prix: Titled Tuesday Blitz"]
[Site "Chess.com"]
[Date "2020.06.02"]
[Round "7"]
[White "Evgeny81"]
[Black "deribas12345"]
[Result "1-0"]
[WhiteElo "2720"]
[BlackElo "2558"]
[TimeControl "180+1"]
[EndTime "11:20:22 PDT"]
[Termination "Evgeny81 won on time"]

1. d4 Nf6 2. Nf3 d6 3. Nc3 Bf5 4. g3 Ne4 5. Bg2 Nxc3 6. bxc3 Be4 7. O-O Nd7 8. Ne1 Bxg2 9. Nxg2 g6 10. e4 Bg7 11. f4 O-O 12. f5 c5 13. Bg5 h6 14. Be3 Qa5 15. Qd3 cxd4 16. cxd4 g5 17. h4 gxh4 18. Nxh4 Rac8 19. f6 Nxf6 20. Nf5 Rc3 21.
Qe2 Qa6 22. Qf3 Re8 23. Nxg7 Kxg7 24. Bxh6+ Kxh6 25. Qxc3 Rg8 26. Rf4 Kg7 27. Raf1 Qe2 28. Qd3 Qh5 29. e5 dxe5 30. Rf5 Qg4 31. dxe5 Kh6 32. exf6 Qh3 33. R5f3 Rg5 34. Qd2 1-0

[Event "*** SCC Grand Prix: Titled Tuesday Blitz"]
[Site "Chess.com"]
[Date "2020.06.02"]
[Round "7"]
[White "Stewie_89"]
[Black "Vesper2018"]
[Result "0-1"]
[WhiteElo "2615"]
[BlackElo "2385"]
[TimeControl "180+1"]
[EndTime "11:20:22 PDT"]
[Termination "Vesper2018 won on time"]

1. e4 c5 2. Nf3 d6 3. Bb5+ Nd7 4. O-O a6 5. Bxd7+ Bxd7 6. d4 cxd4 7. Nxd4 Nf6 8. Re1 g6 9. Nc3 Bg7 10. Bg5 O-O 11. Qd2 Rc8 12. Rad1 Re8 13. Nb3 Bc6 14. Nd4 Qc7 15. Nxc6 bxc6 16. Qe2 Qb6 17. b3 Nd7 18. Na4 Qb7 19. c4 c5 20. Qe3 Ne5 21. h3 Nc6 22. Nc3 Nd4 23. Rd2 a5 24. Nd5 Ra8 25.
h4 a4 26. b4 Ne6 27. bxc5 dxc5 28. Bh6 Nd4 29. Bxg7 Kxg7 30. h5 Qc6 31. h6+ Kg8 32.
Rxd4 cxd4 33. Qxd4 f6 34. Rb1 Rac8 35. Qa7 Kf7 36. Rb7 Qc5 0-1